 Dungeon Crawl Stone Soup version 0.28.0 (webtiles) character file.

Game seed: 9244863178919449014

25 RighteousDevil the Ruffian (level 2, -2/29 HPs)
             Began as a Troll Monk on Feb 15, 2022.
             Slain by Sigmund (5 damage)
             ... on level 2 of the Dungeon.
             The game lasted 00:00:39 (1002 turns).

RighteousDevil the Ruffian (Troll Monk)             Turns: 1002, Time: 00:00:40

Health: -2/29      AC:  4    Str: 18    XL:     2   Next: 86%
Magic:  1/1        EV: 10    Int:  6    God:
Gold:   8          SH:  0    Dex: 12    Spells: 1/1 levels left

rFire   . . .      SeeInvis .     - Unarmed
rCold   . . .      Faith    .   (no shield)
rNeg    . . .      Spirit   .   a - +0 robe
rPois   .          Reflect  .   c - +0 hat
rElec   .          Harm     .   (no cloak)
rCorr   .          Rampage  .   (gloves unavailable)
Will    .....                   (boots unavailable)
Stlth   ++........              (no amulet)
HPRegen 0.89/turn               (no ring)
MPRegen 0.07/turn               (no ring)

@: no status effects
A: large, unfitting armour, claws 3, regeneration 1, shaggy fur 1, tough skin 1
a: no special abilities


You were on level 2 of the Dungeon.
You visited 1 branch of the dungeon, and saw 2 of its levels.

You collected 8 gold pieces.

Inventory:

Armour
 a - a +0 robe (worn)
 c - a +0 hat (worn)
Jewellery
 e - a ring of magical power
Scrolls
 b - a scroll of vulnerability {unknown}
 d - a scroll of noise {unknown}
 f - a scroll of fear {unknown}
 g - a scroll of summoning {unknown}
 h - a scroll of teleportation {unknown}


   Skills:
 + Level 2.9 Fighting
 - Level 2.4 Dodging
 - Level 1.0 Stealth
 + Level 3.6 Unarmed Combat


You had one spell level left.
You didn't know any spells.
Your spell library was empty.

Dungeon Overview and Level Annotations

Branches:
Dungeon (2/15)

Altars:

Annotations:
D:2 Sigmund


Innate Abilities, Weirdness & Mutations

You are too large for most types of armour.
You have claws for hands.
Your natural rate of healing is unusually fast.
You are covered in fur. (AC +1)
You have tough skin. (AC +1)


Message History

A worm is nearby!
Found a scroll labelled QERAGU JEXO.
A worm is nearby!
The worm misses you.
You barely miss the worm. You scratch the worm.
The worm is moderately wounded.
The worm bites you.
You scratch the worm.
The worm is heavily wounded.
You claw the worm!
You kill the worm!
No target in view!
No target in view!
h - a scroll labelled QERAGU JEXO Sigmund the Dreaded comes into view.
He is wielding a +0 scythe of flaming.
Sigmund is nearby!
Sigmund is nearby!
Sigmund shouts!
Sigmund is nearby!
Sigmund gestures at you while chanting.
You are confused.
You are too confused!
You are too confused!
You are too confused!
You are too confused!
You are too confused!
You bump into the rock wall.
Sigmund closely misses you.
You bump into the rock wall.
Sigmund casts a spell at you. The puff of flame hits you!
Sigmund hits you from afar with a +0 scythe of flaming!
Sigmund burns you.
You bump into the rock wall.
You feel less confused. Sigmund casts a spell at you.
The puff of flame hits you!
* * * LOW HITPOINT WARNING * * *
Sigmund hits you with a +0 scythe of flaming.
You die...

.#####.#####(..####............#.
..(...........†..............#.#.
.#####.#####...#################.
.# #####.. .. .#### #.# ## ....#
#.# ...<## # #.# .....#.## #@#
.....#..########@#
....#..........#.#
..##.#...##...#..#
......#..##..#...#
##.....#....#....#
##.#....#..#.....#
.....##..##..##..#
.##..##..##..##..#
.##.....#..#.....#


You could see Sigmund.

Vanquished Creatures
  A worm (D:2)
  A dart slug (D:1)
  2 ball pythons
  A giant cockroach (D:1)
  2 goblins
  5 hobgoblins (D:1)
  A quokka (D:2)
  2 bats
  2 kobolds
  3 rats (D:1)
20 creatures vanquished.

Notes
Turn   | Place    | Note
-------+----------+-------------------------------------------
     0 | D:1      | RighteousDevil the Troll Monk began the quest for the Orb.
     0 | D:1      | Reached XP level 1. HP: 22/22 MP: 0/0
   323 | D:1      | Reached XP level 2. HP: 29/29 MP: 1/1
   992 | D:2      | Noticed Sigmund
  1002 | D:2      | Slain by Sigmund

Illustrated notes

Levels and vault maps discovered:
D:1:      lemuel_arrival_tunnels, layout_basic
D:2:      layout_basic, minivault_26, minmay_door_square, uniq_sigmund

Action                   || total
-------------------------++-------
Melee: Unarmed           ||    54
       Punch             ||     1
 Stab: Sleeping          ||     4
Armor: Robe              ||    15
Dodge: Dodged            ||    21
